Map: Automaton LE

Players

Throwfordays

  • Race: Protoss Protoss
  • League: Silver
  • Spawn Location: 9:00

Faust - Winner!

  • Race: Terran Terran
  • League: Diamond
  • Spawn Location: 3:00

VOD

Have the link to the VOD?

Description

Time

  • Played on: April 3, 2019, 10:18 p.m.
  • Length: 19:38
Show
View Real Time Build Order
Export as new Build Order

Throwfordays Protoss 

Build Orders:  

Get SALT Encoding   

  12  0:00  Probe  
  13  0:12  Probe  
  14  0:18  Pylon  
  14  0:25  Probe  
  15  0:36  Probe  
  15  0:37  Gateway  
  16  0:45  Probe  
  16  0:49  Assimilator  
  17  0:56  Probe  
  17  1:02  Assimilator  
  18  1:04  Probe  
  19  1:12  Probe  
  20  1:23  Probe  
  20  1:24  Cybernetics Core  
  21  1:38  Probe  
  22  1:50  Probe  
  22  1:52  Pylon  
  23  2:00  Pylon  
  23  2:10  Nexus  
  23  2:18  Stargate  
  23  2:30  Stargate  
  23  2:34  Assimilator  
  23  2:39  Assimilator  
  23  2:51  Void Ray  
  27  3:06  Probe  
  28  3:18  Probe  
  29  3:30  Probe  
  29  3:32  Probe  
  31  3:35  Void Ray  
  31  3:40  Probe  
  35  4:01  Void Ray  
  39  4:16  Probe  
  40  4:28  Probe  
  41  4:40  Probe  
  42  4:49  Void Ray  
  42  4:52  Void Ray  
  46  5:12  Probe  
  43  5:16  Pylon  
  43  5:19  Pylon  
  39  5:21  Probe  
  39  5:22  Pylon  
  39  5:25  Void Ray  
  40  5:29  Probe  
  45  5:38  Probe  
  45  5:39  Void Ray  
  50  5:50  Probe  
  51  6:02  Probe  
  52  6:11  Void Ray  
  52  6:14  Probe  
  57  6:26  Probe  
  57  6:28  Protoss Air Weapons Level 1  
  58  6:38  Probe  
  59  6:50  Probe  
  56  7:03  Probe  
  57  7:11  Probe  
  57  7:13  Void Ray  
  57  7:14  Void Ray  
  66  7:20  Probe  
  66  7:23  Nexus  
  66  7:25  Pylon  
  66  7:29  Probe  
  68  7:41  Probe  
  69  7:53  Probe  
  69  7:56  Void Ray x2  
  78  8:08  Pylon  
  78  8:09  Pylon  
  78  8:10  Pylon  
  78  8:12  Pylon  
  78  8:13  Pylon  
  78  8:19  Probe x2  
  68  8:31  Probe  
  68  8:34  Stargate  
  69  8:35  Stargate  
  69  8:40  Void Ray x2  
  77  8:43  Probe  
  74  8:55  Probe  
  60  9:06  Probe  
  60  9:08  Probe  
  55  9:13  Robotics Facility  
  55  9:14  Robotics Facility  
  55  9:17  Robotics Facility  
  55  9:18  Probe  
  56  9:31  Probe  
  49  9:36  Warp Gate  
  49  9:43  Probe  
  50  9:49  Gateway  
  50  9:50  Assimilator  
  50  9:52  Gateway, Probe  
  51  9:54  Assimilator  
  51  9:55  Probe  
  52  10:04  Probe  
  53  10:07  Probe  
  53  10:09  Immortal  
  50  10:16  Probe  
  50  10:19  Probe  
  44  10:28  Probe  
  44  10:31  Probe  
  46  10:40  Probe  
  46  10:41  Warp Prism  
  49  10:45  Robotics Bay  
  49  10:52  Probe  
  50  10:59  Pylon  
  50  11:02  Pylon  
  50  11:15  Colossus x2  
  50  11:16  Colossus  
  50  11:29  Extended Thermal Lance  
  68  11:43  Nexus  
  66  12:18  Immortal  
  66  12:19  Immortal x2  
  78  12:35  Sentry x3  
  84  12:53  Pylon  
  84  12:54  Pylon  
  84  12:56  Pylon  
  84  12:58  Pylon  
  84  13:01  Pylon, Probe  
  84  13:03  Pylon  
  85  13:05  Probe  
  85  13:09  Probe  
  87  13:12  Probe  
  87  13:13  Probe  
  87  13:19  Probe  
  89  13:23  Forge x2, Probe  
  91  13:31  Probe  
  92  13:35  Probe  
  93  13:43  Probe  
  93  13:47  Probe  
  87  14:21  Colossus x3  
  67  14:37  Protoss Ground Weapons Level 1, Protoss Ground Armor Level 1  
  85  14:48  Assimilator  
  85  14:50  Assimilator  
  85  15:03  Nexus  
  85  15:05  Pylon  
  85  15:07  Stalker x3  
  87  15:08  Pylon  
  91  15:18  Probe  
  86  15:30  Probe  
  86  15:31  Stalker x3  
  86  15:42  Probe  
  70  15:52  Immortal x2  
  70  15:53  Immortal  
  76  15:58  Stalker x3  
  80  16:17  Gateway  
  79  16:20  Gateway  
  79  16:22  Stalker x3  
  79  16:23  Gateway  
  85  16:28  Twilight Council  
  75  16:48  Immortal  
  75  16:49  Immortal  
  56  16:55  Stalker x3  
  56  16:58  Immortal  
  74  17:13  Stalker  
  75  17:17  Stalker  
  75  17:18  Stalker  
  75  17:19  Stalker x2  
  75  17:20  Stalker  
  78  17:56  Pylon  
  78  17:57  Pylon  
  78  17:59  Zealot x4  
  62  18:37  Stalker x6  
  63  19:03  Stalker  
  63  19:04  Stalker x2  
  63  19:05  Stalker x2  
Show
View Real Time Build Order
Export as new Build Order

Faust Terran - Winner!

Build Orders:  

Get SALT Encoding   

  12  0:01  SCV  
  13  0:13  SCV  
  14  0:18  Supply Depot  
  14  0:25  SCV  
  15  0:40  SCV  
  16  0:44  Barracks  
  16  0:52  SCV  
  17  1:04  SCV  
  18  1:16  SCV  
  19  1:22  Command Center  
  19  1:28  SCV  
  19  1:31  Refinery  
  20  1:34  Marine  
  21  1:45  Barracks  
  21  1:51  SCV  
  21  1:52  Marine  
  23  2:09  Supply Depot  
  23  2:11  Orbital Command  
  23  2:23  Barracks  
  23  2:30  Marine  
  23  2:34  SCV  
  25  2:41  Marine  
  26  2:47  SCV x2  
  28  2:51  Marine  
  29  2:59  SCV  
  29  3:01  SCV  
  29  3:03  Barracks  
  31  3:11  SCV  
  32  3:15  Engineering Bay  
  32  3:16  Supply Depot  
  30  3:20  Marine x3  
  30  3:21  SCV  
  34  3:32  SCV  
  35  3:34  SCV  
  36  3:44  SCV  
  36  3:48  SCV  
  38  4:00  SCV  
  39  4:08  Marine x3  
  42  4:14  Supply Depot  
  42  4:17  Marine  
  42  4:30  Marine x3, SCV  
  43  4:37  Marine  
  37  4:48  Marine x3  
  36  4:55  Marine  
  33  5:06  Marine x2  
  34  5:19  Marine x2  
  34  5:20  SCV x2  
  39  5:30  Barracks  
  39  5:31  Refinery  
  39  5:33  Command Center  
  39  5:35  Barracks Reactor  
  38  5:36  Barracks Tech Lab  
  38  5:40  Engineering Bay  
  38  5:42  SCV  
  39  5:54  SCV  
  40  6:05  Missile Turret  
  40  6:11  SCV  
  40  6:14  SCV  
  42  6:24  SCV  
  43  6:26  SCV  
  43  6:27  Missile Turret  
  43  6:28  Marine x4  
  43  6:30  Marine  
  49  6:36  SCV  
  49  6:38  Stimpack  
  50  6:41  Missile Turret  
  50  6:46  Marine x2  
  44  7:07  SCV x3  
  47  7:19  Missile Turret  
  45  7:37  Marine x2  
  45  7:38  Marine x3  
  45  7:39  Missile Turret  
  47  7:56  SCV x3  
  50  7:59  Missile Turret  
  50  8:03  Terran Infantry Weapons Level 1, Missile Turret  
  50  8:04  Missile Turret  
  50  8:07  Barracks Reactor, Barracks Tech Lab  
  50  8:08  SCV x3  
  53  8:15  Barracks  
  53  8:17  Combat Shield  
  53  8:23  Missile Turret  
  53  8:28  SCV x3  
  53  8:31  Marine x3  
  53  8:32  Marine x2  
  61  8:40  Refinery, SCV x2  
  64  8:46  Orbital Command  
  63  8:49  Marine x4  
  63  8:52  SCV x2  
  64  9:03  Marine x2  
  64  9:04  SCV x2  
  67  9:12  Marine x2  
  67  9:14  Marine  
  69  9:17  SCV  
  69  9:18  Marine  
  62  9:46  Marine  
  61  9:53  Barracks  
  61  9:54  Barracks  
  61  9:55  Supply Depot  
  61  9:56  Supply Depot  
  61  9:57  Supply Depot x2  
  61  10:18  Marine x3, SCV  
  61  10:20  SCV  
  61  10:21  Command Center  
  66  10:31  SCV, Barracks  
  66  10:32  SCV  
  68  10:35  Barracks  
  68  10:36  Marine, Barracks  
  69  10:43  SCV  
  70  10:57  Supply Depot  
  70  11:00  Supply Depot  
  70  11:18  Marine x6  
  70  11:19  SCV x2, Supply Depot  
  70  11:21  Barracks  
  70  11:23  Supply Depot  
  78  11:31  SCV x2  
  80  11:34  Refinery  
  80  11:36  SCV  
  80  11:38  Marine x3  
  80  11:39  Marine x3  
  87  11:42  Supply Depot  
  87  11:43  SCV x2, Factory  
  87  11:46  Factory  
  89  11:48  SCV  
  89  11:51  Refinery  
  90  11:55  SCV  
  90  11:56  Marine  
  90  11:57  SCV  
  90  12:00  Refinery, SCV  
  94  12:05  Supply Depot  
  94  12:09  Barracks  
  94  12:12  SCV  
  94  12:13  SCV  
  76  12:24  SCV  
  76  12:26  Marauder  
  79  12:36  SCV, Starport  
  80  12:38  SCV  
  80  12:39  Starport  
  81  12:44  Factory Tech Lab  
  81  12:45  Factory Tech Lab  
  81  12:47  Marauder  
  83  12:51  SCV x2  
  83  12:52  SCV  
  86  13:00  Marine x4  
  86  13:01  Marine x6  
  86  13:05  SCV, Siege Tank  
  100  13:07  Siege Tank  
  100  13:09  Marauder  
  100  13:12  Starport Reactor  
  105  13:14  Starport Reactor  
  105  13:18  Marine x2  
  107  13:22  Marine x6  
  107  13:23  Marine x2  
  115  13:30  Marauder  
  115  13:33  SCV x2  
  119  13:35  Marine  
  119  13:36  Marine  
  119  13:40  Marine  
  83  13:55  Viking x2  
  83  13:56  Viking x2  
  83  13:57  Marine x4  
  83  13:58  Marine x2  
  93  14:04  Marine  
  93  14:05  Marine x2  
  93  14:08  Siege Tank x2  
  97  14:16  Supply Depot x2  
  97  14:17  Supply Depot  
  97  14:18  Supply Depot  
  85  14:37  Command Center  
  85  14:39  Marine x7  
  85  14:40  Marine x2, Refinery, Siege Tank x2  
  85  14:41  Viking x2  
  85  14:44  Refinery, SCV  
  85  14:45  SCV  
  106  14:56  Marine  
  106  14:57  Marine  
  108  15:02  SCV  
  108  15:03  Marine  
  110  15:22  Supply Depot  
  110  15:23  Supply Depot  
  110  15:36  Marine x2, SCV x2  
  110  15:37  Siege Tank  
  101  15:48  Marine x4  
  101  15:49  Marine  
  97  16:04  Viking  
  97  16:05  Viking x3  
  103  16:14  Marine x2  
  103  16:15  Marine x2  
  105  16:19  Siege Tank x2  
  105  16:21  SCV  
  105  16:24  SCV x2  
  114  16:37  Command Center  
  103  16:56  Marine x4  
  103  16:58  Viking x3  
  103  17:00  Marine  
  114  17:05  SCV  
  115  17:10  SCV  
  115  17:13  Orbital Command  
  102  17:49  Marine  
  82  18:20  Marine x6  
  82  18:21  Marine x3  
  82  18:24  Medivac x3  
  99  18:27  Hellion x2  
  96  18:37  Marine  
  96  18:38  Marine  
  91  18:48  Hellion x2  
Tags
 
Matchup
PvT
Replay Pack
Multiplayer
Spawn Locations
Cross Positions
Add a new tag
Caveats
  • Supply blocks, unpowered buildings, or Contaminate may cause inaccurate times.
  • Supply counts are checked every 10 seconds.